 Dungeon Crawl Stone Soup version 0.26-a0-291-g3d11bbfad5 (webtiles) character file.

Game seed: 2668543972127632859

2184 BritishOli the Skirmisher (level 9, 0/71 HPs)
             Began as a Demonspawn Fighter on July 14, 2020.
             Was an Initiate of Okawaru.
             Slain by an orc warrior
             ... wielding a +0 halberd
              (11 damage)
             ... on level 7 of the Dungeon.
             The game lasted 00:08:29 (7410 turns).

BritishOli the Skirmisher (Demonspawn Fighter)      Turns: 7410, Time: 00:08:30

Health: 0/71       AC:  8    Str: 20    XL:     9   Next: 11%
Magic:  0/9        EV:  8    Int: 10    God:    Okawaru [......]
Gold:   341        SH: 14    Dex: 12    Spells: 8/8 levels left

rFire    + . .     SeeInvis .   a - +0 long sword
rCold    + . .     Faith    .   c - +0 kite shield
rNeg     . . .     Spirit   +   y - +0 ring mail {rF+}
rPois    .         Reflect  .   (helmet restricted)
rElec    .         Harm     .   (no cloak)
rCorr    .                      D - +0 pair of gloves
MR       .....                  z - +0 pair of boots
Stlth    +.........             k - amulet of regeneration
HPRegen  0.61/turn              (no ring)
MPRegen  0.11/turn              (no ring)

@: no status effects
A: horns 1, large bone plates 1, cold resistance 1, magic shield, freezing cloud
immunity
a: Renounce Religion


You were on level 7 of the Dungeon.
You worshipped Okawaru.
Okawaru was noncommittal.
You visited 2 branches of the dungeon, and saw 8 of its levels.
You also visited: Ossuary.

You collected 341 gold pieces.

Inventory:

Hand Weapons
 a - a +0 long sword (weapon)
Armour
 c - a +0 kite shield (worn)
 y - a +0 ring mail of fire resistance (worn)
 z - a +0 pair of boots (worn)
 D - a +0 pair of gloves (worn)
Jewellery
 k - an amulet of regeneration (around neck)
 B - an uncursed amulet of reflection {unknown}
 F - an uncursed ring of wizardry {unknown}
Wands
 v - a wand of digging (6)
 A - a wand of paralysis (7)
 G - a wand of iceblast (3)
Scrolls
 b - 2 scrolls of fear {unknown}
 e - 2 scrolls of enchant weapon
 f - 7 scrolls of identify
 g - 3 scrolls of remove curse
 m - a scroll of magic mapping
 n - a scroll of enchant armour
 p - 4 scrolls of teleportation
 r - a scroll of immolation
 t - a scroll of torment {unknown}
 w - a scroll of blinking {unknown}
 x - a scroll of vulnerability {unknown}
 E - 4 scrolls of amnesia {unknown}
Potions
 d - 4 potions of cancellation {unknown}
 h - 5 potions of curing
 i - 4 potions of heal wounds
 j - 2 potions of brilliance {unknown}
 l - 2 potions of berserk rage
 o - 3 potions of stabbing {unknown}
 q - 2 potions of lignification {unknown}
 s - a potion of degeneration {unknown}
 u - 2 potions of haste {unknown}
 C - a potion of might
 H - a potion of ambrosia {unknown}


   Skills:
 + Level 6.7 Fighting
 + Level 5.8 Long Blades
 + Level 6.1 Armour
 + Level 6.1 Shields


You had 8 spell levels left.
You didn't know any spells.
Your spell library contained the following spells:

 Spells                   Type           Power        Failure   Level
 Summon Guardian Golem    Hex/Summ       #.......     99%         3
 Hailstorm                Conj/Ice       #.......     100%        4
 Summon Ice Beast         Ice/Summ       #.......     100%        4
 Darkness                 Hex            #.........   100%        6


Dungeon Overview and Level Annotations

Branches:
Dungeon (7/15)             Temple (1/1) D:6         Ossuary (visited)

Altars:
Ashenzari
Cheibriados
Dithmenos
Elyvilon
Fedhas
Kikubaaqudgha
Makhleb
Nemelex Xobeh
Okawaru
Qazlal
Ru
Trog
Uskayaw
Wu Jian
Zin
The Shining One

Shops:
D:6 }


Innate Abilities, Weirdness & Mutations

You have a pair of small horns on your head.
You are partially covered in large bone plates. (SH +4)
Your flesh is cold resistant. (rC+)
When hurt, damage is shared between your health and your magic reserves.
You are immune to freezing clouds.


Message History

The orc warrior is almost dead.
You block the orc warrior's attack.
You closely miss the orc warrior.
The orc warrior is almost dead.
You hit the orc warrior but do no damage.
You headbutt the orc warrior, but do no damage.
The orc warrior is almost dead.
The orc warrior barely misses you.
The orc wizard casts a spell.
The orc wizard blinks!
The orc warrior hits you with a +0 halberd!
* * * LOW HITPOINT WARNING * * *
You closely miss the orc warrior.
You headbutt the orc warrior, but do no damage.
The orc warrior is severely wounded.
You block the orc warrior's attack.
You closely miss the orc warrior. Your headbutt misses the orc warrior.
The orc warrior is severely wounded.
The orc warrior hits you with a +0 halberd!
You die...

.# #........ .#
######### .# .#
.##############
.[.>..........#
#############.#
##.##
.....#.####o.....
#.....@oo..o#
###.#########
...# #####


You could see an orc warrior, an orc wizard (fast) and 2 orcs.

Vanquished Creatures
  Joseph (D:7)
  Grinder (D:6)
  Eustachio (D:4)
  Menkaure (Ossuary)
  Duvessa (D:4)
  An orc warrior (D:5)
  A phantom (D:6)
  A centaur (D:7)
  A big kobold (D:7)
  A bullfrog (D:6)
  Dowan (D:4)
  A bullfrog zombie (D:3)
  4 orc wizards
  A centaur skeleton (D:5)
  An orc priest (D:5)
  A hound (D:4)
  3 jellies
  An iguana (D:5)
  4 worker ants
  Terence (D:3)
  A hound skeleton (D:5)
  3 mummies (Ossuary)
  A worker ant zombie (D:5)
  9 adders
  5 gnolls
  5 shadow imps
  2 oozes
  An ufetubus (D:5)
  5 worms
  A dart slug (D:3)
  3 leopard geckos
  19 orcs
  2 ball pythons
  4 bats
  3 gnoll zombies (Ossuary)
  7 goblins
  8 hobgoblins
  7 jackals
  9 kobolds
  2 quokkas
  A frilled lizard (D:3)
  3 gnoll skeletons (Ossuary)
  3 goblin skeletons (Ossuary)
  6 goblin zombies (Ossuary)
  3 hobgoblin skeletons (Ossuary)
  7 hobgoblin zombies (Ossuary)
  2 jackal skeletons
  4 kobold skeletons (Ossuary)
  3 kobold zombies (Ossuary)
  A leopard gecko zombie (D:5)
  7 orc skeletons (Ossuary)
  2 orc zombies (Ossuary)
  A quokka skeleton (D:5)
  8 rats
  3 rat skeletons (Ossuary)
  4 rat zombies (Ossuary)
183 creatures vanquished.

Vanquished Creatures (others)
  A kobold skeleton (Ossuary)
  An orc skeleton (Ossuary)
2 creatures vanquished.

Grand Total: 185 creatures vanquished

Notes
Turn   | Place    | Note
-------+----------+-------------------------------------------
     0 | D:1      | BritishOli the Demonspawn Fighter began the quest for the
                  | Orb.
     0 | D:1      | Reached XP level 1. HP: 18/18 MP: 1/1
   226 | D:1      | Gained mutation: You have a pair of small horns on your
                  | head. [demonic ancestry]
   226 | D:1      | Reached XP level 2. HP: 24/24 MP: 2/2
   802 | D:2      | Reached XP level 3. HP: 12/29 MP: 3/3
  1262 | D:2      | Found a shattered altar of Ashenzari.
  1687 | D:2      | Reached XP level 4. HP: 32/35 MP: 4/4
  2228 | D:3      | Found a sparkling altar of Nemelex Xobeh.
  2243 | D:3      | Reached XP level 5. HP: 26/42 MP: 5/5
  2689 | D:3      | Noticed Terence
  2704 | D:3      | Killed Terence
  2790 | D:3      | Found a shadowy altar of Dithmenos.
  2795 | D:3      | Found a stormy altar of Qazlal.
  3272 | D:4      | Found a sand-covered staircase.
  3279 | Ossuary  | Entered an ossuary
  3597 | Ossuary  | Noticed Menkaure
  3603 | Ossuary  | Killed Menkaure
  3603 | Ossuary  | Gained mutation: Your flesh is cold resistant. (rC+)
                  | [demonic ancestry]
  3603 | Ossuary  | Reached XP level 6. HP: 14/49 MP: 6/6
  4503 | D:4      | Noticed Eustachio
  4520 | D:4      | Killed Eustachio
  4520 | D:4      | Gained mutation: When hurt, damage is shared between your
                  | health and your magic reserves. [demonic ancestry]
  4520 | D:4      | Reached XP level 7. HP: 54/55 MP: 7/7
  4534 | D:4      | Noticed Dowan
  4534 | D:4      | Noticed Duvessa
  4560 | D:4      | Killed Duvessa
  4560 | D:4      | Reached skill level 5 in Fighting
  4568 | D:4      | Killed Dowan
  4682 | D:4      | Identified Koehampybyrph's Disquisition on Bewitching Cold
  4753 | D:5      | Entered Level 5 of the Dungeon
  5170 | D:5      | Reached skill level 5 in Armour
  5170 | D:5      | Reached skill level 5 in Shields
  5170 | D:5      | Gained mutation: You are partially covered in large bone
                  | plates. (SH +4) [demonic ancestry]
  5170 | D:5      | Reached XP level 8. HP: 54/63 MP: 8/8
  5711 | D:6      | Noticed Grinder
  5741 | D:6      | Killed Grinder
  5741 | D:6      | Reached skill level 5 in Long Blades
  5954 | D:6      | Found Hick's Gadget Shoppe.
  6036 | D:6      | Found a staircase to the Ecumenical Temple.
  6194 | Temple   | Entered the Ecumenical Temple
  6391 | Temple   | Became a worshipper of Warmaster Okawaru
  7020 | D:7      | Found a blossoming altar of Fedhas.
  7098 | D:7      | Noticed Joseph
  7118 | D:7      | Killed Joseph
  7118 | D:7      | Gained mutation: You are immune to freezing clouds.
                  | [demonic ancestry]
  7118 | D:7      | Reached XP level 9. HP: 34/71 MP: 3/9
  7316 | D:7      | Found a burning altar of Makhleb.
  7410 | D:7      | Slain by an orc warrior

Illustrated notes

Levels and vault maps discovered:
D:1:      heliophobic_arrival_enchanted_forest, layout_basic,
          minmay_pentomino_v2
D:2:      layout_loops_ring, serial_bayou, serial_bayou_pond_d,
          serial_bayou_lagoon_a, serial_bayou_pond_e, serial_bayou_shore_b,
          nicolae_ashenzari_panopticon
D:3:      layout_loops_ring, minitemple, old_standard_altar, uniq_terence
D:4:      layout_rooms, chequers_ossuary_entry_cave, uniq_duvessa,
          uniq_eustachio
D:5:      minmay_octagon_keep, layout_basic
D:6:      layout_gridville, minmay_temple_entry_junction_2, serial_shops, shop,
          uniq_grinder
D:7:      layout_basic, fedhas_altar_2, bloody_makhleb, uniq_joseph
Temple:   minmay_temple_curvy_loop

Skill      XL: |  1  2  3  4  5  6  7  8 |
---------------+-------------------------+-----
Long Blades    | 2 3 4 5 |  5.8
Armour         | 3 4 5 6 |  6.1
Shields        | 3 4 5 6 |  6.1
Fighting       | 4 5 6 |  6.7

Action                   |  1- 3 |  4- 6 |  7- 9 || total
-------------------------+-------+-------+-------++-------
Melee: Long sword        |   115 |   230 |   295 ||   640
       Headbutt          |    12 |    48 |    60 ||   120
  Use: Potion            |       |     2 |     1 ||     3
       Scroll            |       |     8 |       ||     8
Armor: Scale mail        |    51 |    68 |    27 ||   146
       Ring mail         |       |       |    64 ||    64
Dodge: Dodged            |    34 |    72 |    67 ||   173
Block: Kite shield       |    61 |    98 |   184 ||   343
       Rpst.: Long sword |    10 |    24 |    18 ||    52

Table legend:
 A = Non-vault XP
 B = Vault XP
 C = Vault XP percentage of total XP
 D = Non-vault monster count
 E = Vault monster count
 F = Vault count percentage of total count
                 A         B        C        D         E       F
            +---------+---------+-------+---------+---------+-------
      Total |    1563 |    1557 |  49.9 |     117 |      58 |  33.1
            +---------+---------+-------+---------+---------+-------
        D:1 |      29 |       0 |   0.0 |      16 |       0 |   0.0
        D:2 |     100 |       0 |   0.0 |      20 |       0 |   0.0
        D:3 |     128 |      32 |  20.0 |      28 |       1 |   3.4
        D:4 |     142 |     431 |  75.2 |       8 |       3 |  27.3
        D:5 |     544 |     111 |  16.9 |      26 |       8 |  23.5
        D:6 |     306 |     277 |  47.5 |       8 |       1 |  11.1
        D:7 |     314 |     439 |  58.3 |      11 |       1 |   8.3
    Ossuary |       0 |     267 | 100.0 |       0 |      44 | 100.0
            +---------+---------+-------+---------+---------+-------
